 Dungeon Crawl Stone Soup version 0.22.0-38-g04b72b8 (webtiles) character file.

126 Inarius the Slasher (level 4, -9/34 HPs)
             Began as a Demonspawn Gladiator on Aug 30, 2018.
             Killed by nerve-wracking pain
             ... invoked by an orc priest
              (10 damage)
             ... on level 3 of the Dungeon.
             The game lasted 00:04:15 (2571 turns).

Inarius the Slasher (Demonspawn Gladiator)          Turns: 2571, Time: 00:04:16

Health: -9/34      AC: 11    Str: 14 (15) XL:     4   Next: 84%
Magic:  4/4        EV:  4    Int: 10      God:
Gold:   182        SH: 10    Dex: 14      Spells: 3/3 levels left

rFire    . . .     SeeInvis .   u - -3 short sword (curse)
rCold    . . .     Gourm    .   n - +0 buckler
rNeg     . . .     Faith    .   i - +0 plate armour
rPois    .         Spirit   .   c - +0 helmet
rElec    .         Reflect  .   (no cloak)
rCorr    +         Harm     .   (no gloves)
MR       .....                  (no boots)
Stlth    ..........             (no amulet)
HPRegen  0.11/turn              p - ring of resist corrosion
MPRegen  0.09/turn              (no ring)

@: no status effects
A: hooves 1, large bone plates 2
a: no special abilities


You were on level 3 of the Dungeon.
You were hungry.

You visited 1 branch of the dungeon, and saw 4 of its levels.

You collected 182 gold pieces.

Inventory:

Hand Weapons
 a - a +0 long sword
 u - a cursed -3 short sword (weapon)
Missiles
 d - 3 throwing nets (quivered)
Armour
 c - a +0 helmet (worn)
 i - a +0 plate armour (worn)
 n - a +0 buckler (worn)
Jewellery
 p - a ring of resist corrosion (left hand)
 q - a cursed -2 ring of intelligence {unknown}
Wands
 r - a wand of disintegration (9)
Scrolls
 e - a scroll of identify
 j - a scroll of teleportation
 o - a scroll of enchant armour
 s - a scroll of fog
Potions
 b - a potion of lignification {unknown}
 g - a potion of flight
 h - a potion of agility {unknown}
 k - 3 potions of resistance {unknown}
 m - a potion of heal wounds {unknown}
Comestibles
 f - 9 rations


   Skills:
 * Level 2.9 Fighting
 + Level 3.8 Long Blades
 - Level 1.7 Throwing
 + Level 1.4 Armour
 + Level 3.0 Dodging
 + Level 1.1 Shields


You had 3 spell levels left.
You didn't know any spells.
Your spell library was empty.

Dungeon Overview and Level Annotations

Branches:
Dungeon (4/15)
 Temple: D:4-7

Altars:
The Shining One

Annotations:
D:3 2 transporters, eyesofgods1's ghost, amateur DsGl
D:4 Sigmund


Innate Abilities, Weirdness & Mutations

You have large cloven feet.
You are mostly covered in large bone plates. (SH +6)


Message History

The orc priest casts a cantrip, but nothing happens.
The orc wizard hits you but does no damage.
You closely miss the orc priest. You kick the orc priest.
The orc priest is severely wounded.
The orc priest barely misses you. The orc wizard casts a spell at you.
The magic dart hits you!
* * * LOW HITPOINT WARNING * * *
You completely miss the orc priest.
The orc priest is severely wounded.
You block the orc priest's attack.
The orc wizard gestures at you while chanting.
The magic dart hits you!
* * * LOW HITPOINT WARNING * * *
You hit the orc priest but do no damage.
You kick the orc priest.
The orc priest is almost dead.
The orc priest invokes the aid of Beogh against you.
Pain shoots through your body!
You die...

..............##............###..
..............##.................
...............#...............#.
........######.#...............#.
........######.................#.
.............##..######........#.
####....####.##..# #........#.
###### #.##oo### #........#.
#.###@..# ########### #.# ###.#
#.# #.# #.# #.# #.# #.# #.# #.#
#.# #.# #.# #.# #.# #.#


You could see an orc priest and an orc wizard.

Vanquished Creatures
  A hound (D:2)
  An orc priest (D:3)
  2 adders (D:2)
  A worm (D:3)
  A dart slug (D:2)
  4 orcs (D:3)
  6 bats
  2 giant cockroaches (D:2)
  5 hobgoblins
  A jackal (D:2)
  A ball python (D:1)
  3 frilled lizards (D:2)
  6 goblins
  5 kobolds
  6 rats
45 creatures vanquished.

Notes
Turn   | Place    | Note
-------+----------+-------------------------------------------
     0 | D:1      | Inarius the Demonspawn Gladiator began the quest for the Orb.
     0 | D:1      | Reached XP level 1. HP: 16/16 MP: 1/1
   495 | D:1      | Gained mutation: You are partially covered in large bone plates. (SH +4) [demonic ancestry]
   495 | D:1      | Reached XP level 2. HP: 22/22 MP: 2/2
  1122 | D:2      | Gained mutation: You are mostly covered in large bone plates. (SH +6) [demonic ancestry]
  1122 | D:2      | Reached XP level 3. HP: 12/27 MP: 3/3
  1438 | D:2      | Reached skill level 1 in Armour
  1687 | D:2      | Gained mutation: You have large cloven feet. [demonic ancestry]
  1687 | D:2      | Reached XP level 4. HP: 27/34 MP: 4/4
  1817 | D:3      | Found a glowing golden altar of the Shining One.
  1865 | D:3      | Found a transporter.
  1932 | D:3      | Noticed eyesofgods1's ghost (amateur DsGl)
  1963 | D:3      | Reached skill level 1 in Shields
  2258 | D:3      | Found a transporter.
  2487 | D:4      | Noticed Sigmund
  2570 | D:3      | HP: 1/34 [orc wizard/magic dart (6)]
  2571 | D:3      | Killed from afar by an orc priest

Skill      XL: |  1  2  3  4 |
---------------+-------------+-----
Long Blades    | 3 |  3.8
Armour         | 1 |  1.4
Dodging        | 3 |  3.0
Shields        | 1 |  1.1
Fighting       | |  2.9
Throwing       | |  1.7

Action                   |  1- 3 |  4- 6 || total
-------------------------+-------+-------++-------
Melee: Long sword        |   124 |    44 ||   168
       Kick              |       |    24 ||    24
       Short sword       |       |    11 ||    11
  Use: Potion            |     5 |     1 ||     6
       Scroll            |       |     3 ||     3
  Eat: Chunk             |     3 |     2 ||     5
Armor: Leather armour    |     6 |       ||     6
       Ring mail         |     7 |       ||     7
       Plate armour      |    67 |    36 ||   103
Dodge: Dodged            |    24 |     6 ||    30
Block: Buckler           |    63 |    24 ||    87
       Rpst.: Long sword |     8 |     2 ||    10
